 Dungeon Crawl Stone Soup version 0.27.0-1-g7a089689b8 (webtiles) character file.

Game seed: 3172689184278543156

288 ZombieSheep the Skirmisher (level 6, -8/56 HPs)
             Began as a Hill Orc Fighter on Aug 1, 2021.
             Mangled by an ogre (29 damage)
             ... on level 5 of the Dungeon.
             The game lasted 00:05:07 (2827 turns).

ZombieSheep the Skirmisher (Hill Orc Fighter)       Turns: 2827, Time: 00:05:08

Health: -8/56      AC:  8    Str: 19    XL:     6   Next: 31%
Magic:  6/6        EV: 10    Int:  8    God:
Gold:   181        SH:  0    Dex: 12    Spells: 5/5 levels left

rFire    . . .     SeeInvis .   a - +0 war axe
rCold    . . .     Faith    .   (no shield)
rNeg     . . .     Spirit   .   b - +1 scale mail
rPois    .         Reflect  .   (no helmet)
rElec    .         Harm     .   (no cloak)
rCorr    .         Rampage  .   (no gloves)
Will     .....                  (no boots)
Stlth    ..........             f - amulet of regeneration
HPRegen  1.18/turn              (no ring)
MPRegen  0.10/turn              (no ring)

@: no status effects
A: no striking features
a: no special abilities


You were on level 5 of the Dungeon.
You visited 1 branch of the dungeon, and saw 5 of its levels.

You collected 181 gold pieces.

Inventory:

Hand Weapons
 a - a +0 war axe (weapon)
Armour
 b - a +1 scale mail (worn)
 c - a +0 kite shield
 d - a +0 plate armour
Jewellery
 f - an amulet of regeneration (around neck)
 k - a ring of ice
Scrolls
 e - a scroll of blinking {unknown}
 j - a scroll of summoning {unknown}
Potions
 g - a potion of resistance
 h - 2 potions of brilliance {unknown}
 i - a potion of haste {unknown}


   Skills:
 + Level 5.1 Fighting
 + Level 4.8 Axes
 + Level 4.7 Armour
 + Level 2.2 Dodging
 - Level 3.2 Shields


You had 5 spell levels left.
You didn't know any spells.
Your spell library contained the following spells:

 Spells                   Type           Power      Damage    Failure   Level
 Ensorcelled Hibernation  Hex/Ice        0%         N/A       88%         2
 Spider Form              Tmut/Pois      0%         N/A       98%         3
 Shadow Creatures         Summ           N/A        N/A       100%        6


Dungeon Overview and Level Annotations

Branches:
Dungeon (5/15)
 Temple: D:4-7

Altars:
Elyvilon

Shops:
D:1 (   D:3 :   D:5 *

Annotations:
D:4 Edmund


Message History

The hound skeleton is almost destroyed.
The hound skeleton bites you but does no damage. x2
You slash the hound skeleton!
You destroy the hound skeleton!
No target in view!
No target in view!
HP restored.
Found an escape hatch in the ceiling.
Found a dagger.
Found an escape hatch in the floor.
i - a sapphire potion You see here a +0 dagger.
An ogre comes into view. It is wielding a +0 giant spiked club.
The ogre shouts!
A hound comes into view.
The hound barks!
The hound stops to sniff the ground.
The ogre hits you with a +0 giant spiked club!
Found a wooden wand.
You hit the ogre.
The ogre is lightly wounded.
The ogre hits you with a +0 giant spiked club!
The hound closely misses you.
You barely miss the ogre.
The ogre is lightly wounded.
You closely miss the hound. The hound bites you.
The ogre hits you with a +0 giant spiked club!
The hound barely misses you.
You are too injured to fight recklessly!
You are too injured to fight recklessly!
You slash the ogre!
The ogre is severely wounded.
You hit the hound. The hound bites you.
The ogre hits you with a +0 giant spiked club.
The hound misses you.
You barely miss the ogre.
The ogre is severely wounded.
You barely miss the hound. The hound bites you but does no damage.
The ogre hits you with a +0 giant spiked club!!
Ouch! That really hurt!
You die...

##+# ##.## #.)#
##.# #.## #..#
##.## #..#####
########.....#
#....@.......#
......Oh.......#
............####
............#
.......####..#
/...... #.#
....... ..#
....... #.#


You could see an ogre and a hound.

Vanquished Creatures
  Blork the orc (D:4)
  A hound (D:5)
  A centaur skeleton (D:4)
  An orc wizard (D:3)
  A hound skeleton (D:5)
  5 adders
  2 dart slugs
  4 orcs
  12 ball pythons
  4 endoplasms
  6 giant cockroaches
  5 goblins
  5 hobgoblins
  8 jackals (D:4)
  2 kobolds
  3 quokkas
  7 bats
  3 frilled lizards
71 creatures vanquished.

Notes
Turn   | Place    | Note
-------+----------+-------------------------------------------
     0 | D:1      | ZombieSheep the Hill Orc Fighter began the quest for the
                  | Orb.
     0 | D:1      | Reached XP level 1. HP: 19/19 MP: 1/1
   112 | D:1      | Found Nuxy's Weapon Shop.
   156 | D:1      | Found a faded altar of an unknown god.
   162 | D:1      | Reached XP level 2. HP: 26/27 MP: 2/2
   388 | D:1      | Reached skill level 4 in Fighting
   650 | D:1      | Reached XP level 3. HP: 33/33 MP: 3/3
   893 | D:2      | Reached skill level 1 in Dodging
  1401 | D:2      | Reached XP level 4. HP: 40/40 MP: 4/4
  2001 | D:3      | Found Vuolle Nunoch's Book Emporium.
  2095 | D:3      | Reached XP level 5. HP: 47/47 MP: 5/5
  2361 | D:4      | Noticed Blork the orc
  2375 | D:4      | Killed Blork the orc
  2538 | D:4      | Reached skill level 5 in Fighting
  2538 | D:4      | Reached XP level 6. HP: 54/56 MP: 6/6
  2750 | D:4      | Found a white marble altar of Elyvilon.
  2752 | D:4      | Noticed Edmund
  2774 | D:5      | Entered Level 5 of the Dungeon
  2777 | D:5      | Found Seaz's General Store.
  2827 | D:5      | Mangled by an ogre

Illustrated notes

Levels and vault maps discovered:
D:1:      dpeg_arrival_round_c, layout_loops_ring, serial_shops, shop,
          shapermc_ecumenical_altar_venn
D:2:      layout_basic
D:3:      layout_basic, serial_shops, shop
D:4:      layout_basic, elyvilon_altar_5, minmay_fractal_squares_gapless_5,
          uniq_menkaure, uniq_blork_the_orc, uniq_edmund
D:5:      layout_basic, grunt_temple_overflow_bloody_war, serial_shops, shop,
          ebering_ghost_gozag

Skill      XL: |  1  2  3  4  5 |
---------------+----------------+-----
Axes           | 3 4 |  4.8
Fighting       | 4 5 |  5.1
Dodging        | 1 2 |  2.2
Armour         | 4 |  4.7
Shields        | |  3.2

Action                   |  1- 3 |  4- 6 || total
-------------------------+-------+-------++-------
Melee: War axe           |    96 |   161 ||   257
  Use: Scroll            |     1 |     4 ||     5
       Potion            |       |     1 ||     1
Armor: Scale mail        |    59 |    97 ||   156
Dodge: Dodged            |    57 |   112 ||   169
